 Dungeon Crawl Stone Soup version 0.15-a0-33-ga435e27 (webtiles) character file.

106 Malachi the Caller (level 3, 0/16 HPs)
             Began as a Vine Stalker Summoner on Apr 1, 2014.
             Slain by a giant gecko (3 damage)
             ... on Level 2 of the Dungeon.
             The game lasted 00:02:40 (1289 turns).

Malachi the Caller (Vine Stalker Summoner)          Turns: 1289, Time: 00:02:40

HP   0/16        AC  2     Str 10      XL: 3   Next: 37%
MP   0/7         EV 12     Int 16      God:
Gold 70          SH  0     Dex 14      Spells:  1 memorised,  6 levels left

rFire  . . .     SeeInvis .     m - +2,+1 mace (holy)
rCold  . . .     Clarity  .     a - +0 robe
rNeg   . . .     Conserve .     (no shield)
rPois  .         rCorr    .     (no helmet)
rElec  .         rRot     +     (no cloak)
SustAb . .       Spirit   +     (no gloves)
rMut   .         Warding  .     (no boots)
Saprov . . .     Stasis   .     (no amulet)
MR     .....                    (no ring)
                                (no ring)

@: not resistant to hostile enchantments, fairly stealthy
A: fangs 2, regeneration 1, magic shield, antimagic bite, no device heal
a: no special abilities


You were on level 2 of the Dungeon.
You were hungry.

You visited 1 branch of the dungeon, and saw 2 of its levels.

You collected 70 gold pieces.

Inventory:

Hand weapons
 g - a +0,+0 dagger
 m - a +2,+1 mace of holy wrath (weapon)
Armour
 a - a +0 robe (worn)
Comestibles
 c - 3 bread rations
 h - a choko
 p - 2 rotting chunks of goblin flesh
 s - a chunk of bat flesh
Scrolls
 d - a scroll of enchant weapon II {unknown}
 e - 3 scrolls of fear {unknown}
 f - a scroll of identify {unknown}
 i - a scroll of remove curse {unknown}
 j - 2 scrolls of teleportation {unknown}
 n - a scroll of noise {unknown}
 o - a scroll of random uselessness {unknown}
 q - a scroll of fog {unknown}
 u - a scroll of amnesia {unknown}
Potions
 k - a potion of resistance {unknown}
 l - a potion of flight {unknown}
 r - 2 potions of poison {unknown}
 t - a potion of confusion {unknown}
 v - a potion of invisibility {unknown}
Books
 b - a book of Callings

   Spells                             Type                      Level
   *Summon Small Mammal               Summoning                    1
   Call Imp                           Summoning                    2
   Call Canine Familiar               Summoning                    3
   Summon Guardian Golem              Hexes/Summoning              4
   Summon Lightning Spire             Summoning/Air                4
   Summon Ice Beast                   Ice/Summoning                4


   Skills:
 + Level 0.1 Fighting
 + Level 2.1 Dodging
 + Level 2.7 Stealth
 + Level 2.5 Spellcasting
 * Level 4.4 Summonings


You had 6 spell levels left.
You knew the following spells:

 Your Spells              Type           Power        Failure   Level  Hunger
a - Summon Small Mammal   Summ           ###.         3%          1    #......


Dungeon Overview and Level Annotations

Branches:
Dungeon (2/15)

Altars:


Innate Abilities, Weirdness & Mutations

You are immune to rotting.
You have extremely sharp teeth.
Your natural rate of healing is unusually fast.
When hurt, damage is shared between your health and your magic reserves.
Your bite disrupts and absorbs the magic of your enemies.
Potions and wands cannot restore your HP.


Message History

The giant gecko bites you. The goblin closely misses you.
The giant gecko barely misses you. The goblin closely misses you.
You closely miss the giant gecko. Your bite misses the giant gecko.
The giant gecko is lightly wounded.
The giant gecko bites you. The goblin hits you. The giant gecko bites you.
* * * LOW HITPOINT WARNING * * *
You are too injured to fight recklessly!
You are too injured to fight recklessly!
The giant gecko bites you.
* * * LOW HITPOINT WARNING * * *
The goblin closely misses you.
There is an open door here.
The giant gecko barely misses you.
You smell something rotten. (slot p)
The giant gecko bites you.
* * * LOW HITPOINT WARNING * * *
There is an open door here.
The giant gecko barely misses you. The giant gecko closely misses you.
The giant gecko bites you.
You die...

####.##...#####....<[.#
........### #.......#
####.#### ##'###### #.#
#.## #.# #..# #.# ##.#
#.# #.# #.# ####'#### #
##'#### ####..@....# #
#.....###..'.lg....#
.##.....+...##.......#
+.....######.......#
#.....# #.......#
#.....# ##'######
#.....# #.# #.....#
##.# ##..### #..#


You could see a giant gecko and a goblin.

Vanquished Creatures
  An adder (D:2)
  4 bats
  5 goblins
  3 hobgoblins
  A kobold (D:2)
  A giant cockroach (D:2)
  A giant newt (D:2)
  2 rats (D:1)
18 creatures vanquished.

Vanquished Creatures (collateral kills)
  An ooze (D:1)
  2 bats
  A giant cockroach (D:1)
  A hobgoblin (D:1)
  4 kobolds (D:1)
9 creatures vanquished.

Vanquished Creatures (others)
  2 quokkas
  3 bats (D:1)
  A rat (D:2)
6 creatures vanquished.

Grand Total: 33 creatures vanquished

Notes
Turn   | Place    | Note
--------------------------------------------------------------
     0 | D:1      | Malachi, the Vine Stalker Summoner, began the quest for the Orb.
     0 | D:1      | Reached XP level 1. HP: 9/9 MP: 3/3
   233 | D:1      | Reached XP level 2. HP: 11/13 MP: 1/5
  1172 | D:2      | Reached XP level 3. HP: 12/16 MP: 4/7
  1289 | D:2      | Slain by a giant gecko

Action                   || total
-------------------------++-------
Melee: Unarmed           ||    54
       Mace              ||    31
       Dagger            ||    14
 Cast: Summon Small Mamm ||    19
 Stab: Sleeping          ||     5
